 Dungeon Crawl Stone Soup version 0.32-a0-290-g598725c5f2 (webtiles) character file.

Game seed: 594709828920401712

88 CougarLife the Digger (level 4, -1/24 HPs)
             Began as a Gargoyle Earth Elementalist on Feb 14, 2024.
             Slain by Terence
             ... wielding a +0 hand axe
              (7 damage)
             ... on level 2 of the Dungeon.
             The game lasted 00:03:20 (1653 turns).

CougarLife the Digger (Gargoyle Earth Elementalist) Turns: 1653, Time: 00:03:21

Health: -1/24      AC:  5    Str: 12    XL:     4   Next: 53%
Magic:  7/8        EV: 11    Int: 17    God:
Gold:   120        SH:  0    Dex: 10    Spells: 7/8 levels left

rFire   . . .        (no weapon)
rCold   . . .        (no shield)
rNeg    + . .        a - +0 robe
rPois   ∞            (no helmet)
rElec   +            (no cloak)
rCorr   .            (no gloves)
SInv    .            (no boots)
Will    .....        (no amulet)
Stlth   ++           (no ring)
HPRegen 0.24/turn    (no ring)
MPRegen 0.11/turn

%: no passive effects
@: no status effects
A: sickness immunity, AC +3, negative energy resistance 1, electricity
resistance, torment resistance 1, petrification resistance
a: no special abilities


You were on level 2 of the Dungeon.
You visited 1 branch of the dungeon, and saw 2 of its levels.

You collected 144 gold pieces.
You spent 24 gold pieces at shops.

Inventory:

Armour
 a - a +0 robe (worn)
Scrolls
 c - 2 scrolls of amnesia {unknown}
 e - a scroll of revelation {unknown}
 f - a scroll of noise {unknown}
 g - a scroll of blinking {unknown}
 h - 2 scrolls of fear
 i - a scroll of silence {unknown}
 j - a scroll of poison
 l - a scroll of fog {unknown}
Potions
 d - a potion of cancellation {unknown}
 k - a potion of attraction {unknown}


   Skills:
 - Level 1.5 Dodging
 - Level 2.1 Stealth
 + Level 2.9 Spellcasting
 + Level 2.7 Conjurations
 + Level 4.6 Earth Magic


You had 7 spell levels left.
You knew the following spells:

 Your Spells              Type           Power      Damage    Failure   Level
a - Sandblast             Erth           36%        2d10      2%          1

Your spell library contained the following spells:

 Spells                   Type           Power      Damage    Failure   Level
 Passwall                 Erth           18%        N/A       8%          3
 Stone Arrow              Conj/Erth      30%        3d8       12%         3
 Ensorcelled Hibernation  Hex/Ice        4%         N/A       26%         2
 Lesser Beckoning         Tloc           4%         N/A       26%         2
 Brom's Barrelling Bould  Conj/Erth      15%        2d4       36%         4
 Gell's Gravitas          Tloc           2%         N/A       47%         3
 Swiftness                Air            2%         N/A       47%         3
 Teleport Other           Tloc           2%         N/A       47%         3
 Petrify                  Alch/Erth      10%        N/A       56%         4


Dungeon Overview and Level Annotations

Branches:
Dungeon (2/15)

Altars:

Shops:
D:2 ?*

Annotations:
D:2 Terence


Innate Abilities, Weirdness & Mutations

You are immune to sickness and miasma.
Your stone body is resilient. (AC +3)
You are immune to poison.
You resist negative energy. (rN+)
You are resistant to electric shocks. (rElec)
You are resistant to unholy torment.
You are immune to petrification.


Message History

The blast of sand hits Terence but does no damage.
Terence is moderately wounded.
Terence hits you with a +0 hand axe. Terence hits you but does no damage.
The blast of sand hits Terence but does no damage.
Terence is moderately wounded.
Terence barely misses you.
The blast of sand hits Terence but does no damage.
Terence is moderately wounded.
Terence completely misses you.
Terence says, "Don't bother to defend, it's useless."
Terence barely misses you.
You are out of magic!
Magic courses through your body. Terence closely misses you.
Okay, then.
Unknown command.
The blast of sand hits Terence but does no damage.
Terence is moderately wounded.
Terence barely misses you.
The blast of sand hits Terence.
Terence is heavily wounded.
Terence hits you with a +0 hand axe. x2
You are too injured to fight recklessly!
You are too injured to fight recklessly!
You are too injured to fight recklessly!
You are too injured to fight recklessly!
You are too injured to fight recklessly!
You are too injured to fight recklessly!
You are too injured to fight recklessly!
You are too injured to fight recklessly!
You are too injured to fight recklessly!
You are too injured to fight recklessly!
You barely miss Terence.
Terence is heavily wounded.
Terence hits you with a +0 hand axe.
* * * LOW HITPOINT WARNING * * *
You hit Terence but do no damage.
Terence is heavily wounded.
Terence hits you with a +0 hand axe!
You die...
Terence says, "Time to find some more victims."

####### #
#.....## #. # #
###....... #.
##..##.........#
#.# ......
#.......
..#.#..#
#....... .....
#......# #.@#
#####..# #@#
#... ####.####
#.## #...†...#
#######.#
#.##.##.#
#.....#.## #
#.##.#
#........#
#....#
#.........
####.#
#........#
#.#####.#
#.....####
#.......#
####### #


You could see Terence.

Vanquished Creatures
  2 adders (D:2)
  2 dart slugs
  3 ball pythons (D:2)
  4 bats (D:1)
  5 endoplasms
  2 giant cockroaches
  3 hobgoblins
  6 jackals (D:1)
  2 kobolds (D:1)
  2 frilled lizards (D:2)
  2 goblins (D:2)
  3 rats (D:2)
36 creatures vanquished.

Notes
Turn   | Place    | Note
-------+----------+-------------------------------------------
     0 | D:1      | CougarLife the Gargoyle Earth Elementalist began the quest
                  | for the Orb.
     0 | D:1      | Reached XP level 1. HP: 10/10 MP: 3/3
   168 | D:1      | Reached XP level 2. HP: 14/15 MP: 1/5
   346 | D:1      | Reached skill level 4 in Earth Magic
   606 | D:1      | Reached XP level 3. HP: 19/19 MP: 1/6
  1056 | D:2      | Found Siont's Assorted Antiques.
  1122 | D:2      | Reached XP level 4. HP: 24/24 MP: 4/8
  1572 | D:2      | Found Ceixoono's Magic Scroll Shop.
  1579 | D:2      | Bought a scroll of identify for 24 gold pieces
  1639 | D:2      | Noticed Terence
  1653 | D:2      | Slain by Terence

Illustrated notes

Levels and vault maps discovered:
D:1:      spicycebolla_arrival_xxxplode, layout_loops_ring
D:2:      minmay_spotlight, layout_loops_cross, serial_shops, shop_statue, shop,
          uniq_terence

Skill      XL: |  1  2 |
---------------+-------+-----
Earth Magic    | 4 |  4.6
Conjurations   | 2 |  2.7
Dodging        | |  1.5
Stealth        | |  2.1
Spellcasting   | |  2.9

Action                     |  1- 3 |  4- 6 || total
---------------------------+-------+-------++-------
  Melee: Unarmed           |     3 |     2 ||     5
   Cast: Sandblast         |    34 |    33 ||    67
    Use: Scroll            |       |     2 ||     2
         Potion            |       |     1 ||     1
 Armour: Robe              |    13 |    16 ||    29
  Dodge: Dodged            |    15 |    19 ||    34

Table legend: (Time is in decaauts)
 A = Elapsed time spent in this place.
 B = Non-inter-level travel time spent in this place.
 C = Inter-level travel time spent in this place.
 D = Time resting spent in this place.
 E = Time spent auto-exploring this place.
 F = Levels seen in this place.
 G = Mean time per level.
                   A        B        C        D        E       F      G
               +--------+--------+--------+--------+--------+-----+--------+
         Total |   1686 |   1666 |     20 |      0 |   1445 |   2 |  843.0 |
       Dungeon |   1686 |   1666 |     20 |      0 |   1445 |   2 |  843.0 |
               +--------+--------+--------+--------+--------+-----+--------+

Top non-repeatable levels by time:
     D:1: 1038 daAuts
     D:2: 647 daAuts
